 Dungeon Crawl Stone Soup version 0.30-a0-43-gbbf338a72c (webtiles) character file.

Game seed: 16804961570678086889

56350 Kinoniko the Basher (level 14, -8/174 HPs)
             Began as a Demonspawn Berserker on Sept 1, 2022.
             Was an Elder of Trog.
             Mangled by an enormous slime creature (71 damage)
             ... on level 12 of the Dungeon.
             The game lasted 00:22:21 (24755 turns).

Kinoniko the Basher (Demonspawn Berserker)         Turns: 24755, Time: 00:22:21

Health: -8/174     AC: 17    Str: 22    XL:     14   Next: 41%
Magic:  14/14      EV: 14    Int: 10    God:    Trog [****..]
Gold:   709        SH:  0    Dex: 12    Spells: 13/13 levels left

rFire   + . .      SeeInvis +    B - +3 bardiche "Voiwuo Vete" {vorpal, rElec}
rCold   . . .      Faith    .    (shield currently unavailable)
rNeg    + + .      Spirit   .    N - +2 chain mail {rN+}
rPois   .          Reflect  .    (no helmet)
rElec   +          Harm     .    M - +2 cloak {Will+}
rCorr   .          Rampage  .    (no gloves)
Will    ++...                    q - +0 pair of boots
Stlth   ..........               i - amulet of regeneration
HPRegen 1.19/turn                K - ring "Kommuq Aclee" {rN+ SInv}
MPRegen 0.28/turn                t - ring of protection from fire

@: berserking (expiring), very quick
A: repulsion field 2, magic regeneration, demonic magic 1, demonic touch 2
a: Renounce Religion, Berserk, Trog's Hand, Brothers in Arms


You were on level 12 of the Dungeon.
You worshipped Trog.
Trog was greatly pleased with you.
You visited 2 branches of the dungeon, and saw 17 of its levels.
You also visited: Ossuary.

You collected 1113 gold pieces.
You spent 404 gold pieces at shops.

Inventory:

Hand Weapons
 a - the +0 halberd of Yfeshr Kuufu {vorpal, +Blink Will+ Str+2 Dex-3}
   (Trog gifted it to you on level 5 of the Lair of Beasts)

   It inflicts extra damage upon your enemies.
   Str:       It affects your strength (+2).
   Dex:       It affects your dexterity (-3).
   +Blink:    It lets you blink.
   Will:      It increases your willpower.
 l - a +2 rapier of speed
 n - a +2 whip of electrocution
 B - the +3 bardiche "Voiwuo Vete" (weapon) {vorpal, rElec}
   (Trog gifted it to you on level 7 of the Dungeon)

   It inflicts extra damage upon your enemies.
   rElec:     It insulates you from electricity.
 F - a +2 flail of venom
Armour
 b - a +2 leather armour of poison resistance
 c - a +0 ring mail
 m - a +0 cloak
 q - a +0 pair of boots (worn)
 s - a +1 ring mail of fire resistance
 C - +0 acid dragon scales
 M - a +2 cloak of willpower (worn)
 N - a +2 chain mail of positive energy (worn)
Jewellery
 e - a ring of see invisible
 i - an amulet of regeneration (around neck)
 t - a ring of protection from fire (right hand)
 y - a +6 ring of dexterity
 I - a ring of fire
 K - the ring "Kommuq Aclee" (left hand) {rN+ SInv}
   (You acquired it on level 2 of the Lair of Beasts)

   [ring of positive energy]

   rN:        It protects you from negative energy.
   SInv:      It lets you see invisible.
 V - a +6 ring of intelligence
Wands
 o - a wand of roots (7)
 r - a wand of polymorph (6)
 z - a wand of flame (22)
 J - a wand of mindburst (12)
 L - a wand of paralysis (16)
 W - a wand of acid (4)
Scrolls
 f - 5 scrolls of teleportation
 g - 2 scrolls of blinking
 j - 7 scrolls of amnesia
 p - 2 scrolls of poison
 x - 3 scrolls of butterflies
 A - 2 scrolls of fear
 H - 2 scrolls of brand weapon
 O - 4 scrolls of identify
Potions
 d - 2 potions of resistance
 h - 4 potions of flight
 k - 8 potions of curing
 u - 3 potions of lignification
 v - 3 potions of invisibility
 w - 3 potions of mutation
 D - a potion of cancellation
 E - a potion of attraction
 G - a potion of ambrosia
 P - 3 potions of degeneration
 Q - a potion of brilliance
 T - 2 potions of magic
 U - 2 potions of heal wounds
Miscellaneous
 R - a condenser vane
 S - a lightning rod (4/4)


   Skills:
 + Level 12.3 Fighting
 - Level 0.2 Short Blades
 - Level 4.6(13.0) Axes
 - Level 14.4(14.7) Maces & Flails
 * Level 12.6(12.9) Polearms
 - Level 8.4 Armour
 - Level 8.3 Dodging


You had 13 spell levels left.
You didn't know any spells.
Your spell library was empty.

Dungeon Overview and Level Annotations

Branches:
Dungeon (12/15)            Temple (0/1) D:4            Lair (5/5) D:10
 Shoals (0/4) Lair:2       Spider (0/4) Lair:3        Slime (0/5) Lair:5
    Orc (0/2) D:9         Ossuary (visited)

Altars:
Ashenzari
Fedhas
Hepliaklqana
Kikubaaqudgha
Qazlal
Sif Muna
Uskayaw
Vehumet
Wu Jian
Xom
Jiyva

Shops:
D:1 [

Annotations:
D:5 2 transporters


Innate Abilities, Weirdness & Mutations

You are surrounded by a moderate repulsion field. (EV +3)
You regenerate magic rapidly.
Spells you cast may paralyse adjacent enemies.
Your touch may inflict irresistible damage on your foes.


Message History

The sticky flame hits you but does no damage.
You are covered in liquid flames!
The titanic slime creature hits you!!!
Unknown command.
You are too injured to fight recklessly!
Unknown command.
You are too injured to fight recklessly!
Unknown command.
You are too injured to fight recklessly!
Unknown command.
You slice the titanic slime creature!!
The titanic slime creature is heavily wounded.
You are covered in liquid flames!
The fire elemental hits you. The fire elemental burns you! You resist.
The deep elf pyromancer closely misses you.
A titanic slime creature splits.
Two slime creatures merge to form an enormous slime creature.
You slash the enormous slime creature!
The enormous slime creature is heavily wounded.
You are covered in liquid flames!
The fire elemental hits you. The fire elemental burns you! You resist.
The deep elf pyromancer hits you with a +0 long sword.
Unknown command.
Unknown command.
You slice the enormous slime creature!!
The enormous slime creature is severely wounded.
You are covered in liquid flames!
The fire elemental misses you.
A large slime creature splits.
The deep elf pyromancer closely misses you.
Unknown command.
You slash the enormous slime creature!
The enormous slime creature is severely wounded.
The fire elemental barely misses you. The slime creature barely misses you.
The fire elemental completely misses you.
Unknown command.
Unknown command.
You hit the enormous slime creature.
The enormous slime creature is severely wounded.
The enormous slime creature hits you!!!
You die...

#. # #.. #.. # #.. # #..
#... #.##.. ..... #...
....#+# #.... #....
#...####....
#..[.#######.#...##....
#....JJJ..........+....
#....E@.......##.##....
......e........##..#....
....................##.#
....###....##...........
... #....##......#..#.
.. #....##........... .
#....###....†##.#.
#.............#.#.
####..........#...


You could see an enormous slime creature, 2 slime creatures, a deep elf
pyromancer and a fire elemental (summoned).

Vanquished Creatures
  The ghost of ksawer the Cleaver, a journeyman MiFi of the Shining One (D:11)
  Erolcha (D:9)
  5 hydras
  3 boulder beetles
  2 catoblepae
  A deep troll shaman (Lair:5)
  6 death yaks (Lair:5)
  A two-headed ogre (D:9)
  2 lindwurms (Lair:5)
  An ugly thing (D:12)
  2 cyclopes
  3 black mambas
  31 elephants
  A torpor snail (Lair:3)
  Maurice (D:9)
  4 gargoyles
  8 cane toads
  4 rime drakes
  6 komodo dragons
  2 trolls
  2 polar bears (Lair:5)
  9 hornets (Lair:5)
  14 blink frogs
  3 shadows (D:10)
  3 wraiths
  53 yaks
  3 wyverns
  A vampire (D:10)
  3 basilisks
  Grum (D:9)
  4 steam dragons
  4 vampire mosquitoes (D:12)
  Edmund (D:6)
  2 acid dragons
  12 water moccasins
  4 ice beasts
  2 black bears
  6 orc warriors
  2 ogres (D:6)
  4 centaurs
  30 wolves
  A phantom (D:5)
  A kobold brigand (D:9)
  3 elf zombies (Ossuary)
  7 bullfrogs
  7 scorpions
  A necrophage (D:5)
  9 wights
  6 killer bees (D:10)
  3 centaur zombies (Ossuary)
  8 hounds
  2 human zombies (Ossuary)
  7 orc priests
  A gnoll bouda (D:6)
  5 iguanas
  10 orc wizards
  2 mummies (Ossuary)
  7 adders
  7 gnolls
  A shadow imp (D:8)
  3 white imps
  4 worms
  4 dart slugs
  33 orcs
  4 ball pythons
  5 endoplasms
  7 giant cockroaches
  10 goblins
  4 hobgoblins
  7 jackals
  3 quokkas
  6 bats
  3 frilled lizards (D:1)
  A goblin skeleton (D:8)
  4 goblin zombies
  12 hobgoblin zombies
  15 kobolds
  12 kobold zombies
  An orc skeleton (D:8)
  9 orc zombies
  26 rats
  A rat zombie (Ossuary)
510 creatures vanquished.

Vanquished Creatures (others)
  13 fungi
  10 plants
23 creatures vanquished.

Grand Total: 533 creatures vanquished

Notes
Turn   | Place    | Note
-------+----------+-------------------------------------------
     0 | D:1      | Kinoniko the Demonspawn Berserker began the quest for the
                  | Orb.
     0 | D:1      | Reached XP level 1. HP: 18/18 MP: 1/1
   265 | D:1      | Gained mutation: You are surrounded by a mild repulsion
                  | field. (EV +2) [demonic ancestry]
   265 | D:1      | Reached XP level 2. HP: 19/24 MP: 2/2
   619 | D:1      | You fall into a shaft and drop 1 floor!
   690 | D:2      | Reached ** piety under Trog
   691 | D:2      | Gained mutation: Your touch may inflict minor irresistible
                  | damage on your foes. [demonic ancestry]
   691 | D:2      | Reached XP level 3. HP: 29/29 MP: 3/3
   930 | D:1      | Found Sepote's Antique Armour Shop.
  1407 | D:2      | Reached XP level 4. HP: 17/35 MP: 4/4
  2608 | D:3      | Reached skill level 1 in Maces & Flails
  3230 | D:4      | Reached skill level 2 in Maces & Flails
  3230 | D:4      | Reached XP level 5. HP: 41/41 MP: 5/5
  3244 | D:4      | Reached *** piety under Trog
  3376 | D:4      | Noticed a black bear
  3383 | D:4      | Killed a black bear
  3384 | D:4      | Reached skill level 3 in Maces & Flails
  3384 | D:4      | Gained mutation: Your touch may inflict irresistible damage
                  | on your foes. [demonic ancestry]
  3384 | D:4      | Reached XP level 6. HP: 47/47 MP: 6/6
  3490 | D:4      | Reached skill level 4 in Maces & Flails
  3498 | D:4      | Reached skill level 5 in Maces & Flails
  3508 | D:4      | Gained mutation: Spells you cast may paralyse adjacent
                  | enemies. [demonic ancestry]
  3508 | D:4      | Reached XP level 7. HP: 52/52 MP: 7/7
  3776 | D:4      | Found a staircase to the Ecumenical Temple.
  3819 | D:4      | Reached skill level 6 in Maces & Flails
  4052 | D:5      | Entered Level 5 of the Dungeon
  4251 | D:5      | Reached skill level 7 in Maces & Flails
  4477 | D:5      | Found a transporter.
  4558 | D:5      | Found a transporter.
  4625 | D:5      | Reached **** piety under Trog
  4769 | D:5      | Found a stormy altar of Qazlal.
  4973 | D:6      | Gained mutation: You regenerate magic rapidly. [demonic
                  | ancestry]
  4973 | D:6      | Reached XP level 8. HP: 44/58 MP: 8/8
  5104 | D:6      | Reached skill level 8 in Maces & Flails
  5364 | D:6      | Reached skill level 9 in Maces & Flails
  5496 | D:6      | Noticed Edmund
  5510 | D:6      | Killed Edmund
  5567 | D:6      | Found an ornate altar of the Wu Jian Council.
  5764 | D:6      | Reached skill level 10 in Maces & Flails
  5764 | D:6      | Reached XP level 9. HP: 53/63 MP: 9/9
  6087 | D:7      | Found a sand-covered staircase.
  6093 | Ossuary  | Entered an ossuary
  6237 | Ossuary  | Reached skill level 11 in Maces & Flails
  6305 | Ossuary  | Reached ***** piety under Trog
  7078 | D:7      | Identified the +3 bardiche "Voiwuo Vete" {vorpal, rElec}
                  | (Trog gifted it to you on level 7 of the Dungeon)
  7078 | D:7      | Received a gift from Trog
  7562 | D:8      | Noticed a cyclops
  7571 | D:8      | Killed a cyclops
  7654 | D:8      | Found a blossoming altar of Fedhas.
  7883 | D:8      | Reached XP level 10. HP: 41/71 MP: 10/10
  8114 | D:8      | Found a hazy altar of Hepliaklqana.
  8120 | D:8      | Found a hide-covered altar of Uskayaw.
  8707 | D:9      | Reached skill level 12 in Maces & Flails
  8730 | D:9      | Noticed Maurice
  8874 | D:9      | Killed Maurice
  9130 | D:9      | Noticed Grum
  9145 | D:9      | Killed Grum
  9245 | D:9      | Found a shimmering altar of Xom.
  9262 | D:9      | Noticed a two-headed ogre
  9272 | D:9      | Reached skill level 5 in Fighting
  9281 | D:9      | Killed a two-headed ogre
  9334 | D:9      | Found a staircase to the Orcish Mines.
  9874 | D:9      | Noticed Erolcha
  9881 | D:9      | Killed Erolcha
 10014 | D:9      | Found an ancient bone altar of Kikubaaqudgha.
 10020 | D:9      | Found a shimmering blue altar of Sif Muna.
 10022 | D:9      | Found a radiant altar of Vehumet.
 10136 | D:10     | Entered Level 10 of the Dungeon
 10146 | D:10     | Gained mutation: You are surrounded by a moderate repulsion
                  | field. (EV +3) [demonic ancestry]
 10146 | D:10     | Reached XP level 11. HP: 81/81 MP: 11/11
 10415 | D:10     | Reached skill level 5 in Armour
 10415 | D:10     | Reached skill level 5 in Dodging
 10452 | D:10     | Found a broken altar of Ashenzari.
 10551 | D:10     | Reached skill level 13 in Maces & Flails
 10926 | D:10     | Found a staircase to the Lair.
 11461 | Lair:1   | Entered Level 1 of the Lair of Beasts
 12925 | Lair:1   | Found a radiant altar of Vehumet.
 12998 | Lair:1   | Reached XP level 12. HP: 26/91 MP: 12/12
 13304 | Lair:1   | Reached skill level 14 in Maces & Flails
 13777 | D:1      | Bought an embroidered cloak for 202 gold pieces
 13777 | D:1      | Bought a glowing chain mail for 202 gold pieces
 14229 | Lair:1   | Identified the +1 falchion "Luerr" {flame, *Slow rF++ SInv}
 15027 | Lair:2   | Noticed a catoblepas
 15063 | Lair:2   | Killed a catoblepas
 16215 | Lair:2   | Found a staircase to the Shoals.
 16280 | Lair:2   | Identified a scroll of acquirement
 16281 | Lair:2   | Acquired the ring "Kommuq Aclee" {rN+ SInv}
 16312 | Lair:3   | Found a hole to the Spider Nest.
 16340 | Lair:3   | Reached skill level 1 in Polearms
 17576 | Lair:3   | Found a runed translucent door.
 18212 | Lair:3   | Noticed an eight-headed hydra
 18338 | Lair:3   | Reached skill level 5 in Polearms
 18344 | Lair:3   | Killed an eight-headed hydra
 18439 | Lair:4   | Noticed a boulder beetle
 18453 | Lair:4   | Killed a boulder beetle
 18515 | Lair:4   | Identified the +1 buckler of Chill Winds {rC- Dex+3}
 18585 | Lair:4   | Reached XP level 13. HP: 102/102 MP: 13/13
 18708 | Lair:4   | Reached skill level 10 in Fighting
 19036 | Lair:4   | You fall into a shaft and drop 1 floor!
 19036 | Lair:5   | Entered Level 5 of the Lair of Beasts
 19514 | Lair:5   | Identified the +0 halberd of Yfeshr Kuufu {vorpal, +Blink
                  | Will+ Str+2 Dex-3} (Trog gifted it to you on level 5 of the
                  | Lair of Beasts)
 19514 | Lair:5   | Received a gift from Trog
 20562 | Lair:5   | Found a viscous altar of Jiyva.
 20562 | Lair:5   | Found a staircase to the Slime Pits.
 20728 | Lair:5   | Reached skill level 10 in Polearms
 21916 | Lair:5   | Reached XP level 14. HP: 108/113 MP: 14/14
 23801 | D:11     | Found a runed translucent door.
 23808 | D:11     | Noticed ksawer's ghost (journeyman MiFi)
 24082 | D:11     | Killed ksawer's ghost
 24755 | D:12     | Mangled by an enormous slime creature

Illustrated notes

Levels and vault maps discovered:
D:1:      erik_arrival_orb_chamber, layout_basic, serial_shops, shop,
          minmay_3d_cube
D:2:      layout_basic, serial_rivers, chequers_serial_rivers_micro_d,
          chequers_serial_rivers_small_a, chequers_serial_rivers_small_b,
          chequers_serial_rivers_large_a, chequers_serial_rivers_micro_c
D:3:      layout_rooms, mainiacjoe_overflow_small_starburst,
          kennysheep_generic_room_15
D:4:      layout_rooms, minmay_temple_entry_mist, grunt_ministairs_8,
          minmay_rat_hole
D:5:      gammafunk_wand_slinger, layout_loops_ring, lemuel_crystal_altar,
          serial_bayou_pond_c
D:6:      layout_basic, nzn_wu_jian_contemplation, minmay_pentangle, uniq_edmund
D:7:      layout_loops_corners, nicolae_ossuary_entry_plus
D:8:      layout_loops_cross, minitemple, nicolae_tso_besieged_by_evil,
          amcnicky_altar_gilded, corexii_hall_statues_l
D:9:      layout_basic, grunt_temple_overflow_magic_moments,
          mainiacjoe_overflow_alcove_2, david_orc_3, uniq_maurice, uniq_erolcha,
          uniq_grum
D:10:     layout_roguey, nicolae_overflow_hidden_temple, lair_entry_dummy,
          enter_bailey_3
D:11:     layout_cave_pools, hellmonk_ghost_happy_afterlife
D:12:     layout_basic
Lair:1:   layout_cave_shapes, basic_altar, beast_lair_carwin_6,
          grunt_megastairs_5
Lair:2:   layout_hall_layers, shoals_dummy_entry
Lair:3:   beast_lair_carwin_large_1, layout_cave_pods,
          nicolae_spider_entry_non_spiders, pf_torpor_hydra
Lair:4:   layout_cave_pods, lemuel_old_faithful, grunt_megastairs_2
Lair:5:   grunt_lair_end_beastmaster, layout_cave_pods, slime_entry_1,
          dreamdust_wasp_nest, infiniplex_staircase_pool

Skill      XL: |  1  2  3  4  5  6  7  8  9 10 11 12 13 14 |
---------------+-------------------------------------------+-----
Axes           | 3 4 |  4.6
Maces & Flails | 2 3 5 7 10 11 12 13 14 | 14.4
Armour         | 3 4 6 7 8 |  8.4
Dodging        | 3 4 6 7 8 |  8.3
Fighting       | 4 5 7 9 11 12 | 12.3
Polearms       | 5 11 12 | 12.6
Short Blades   | |  0.2

Action                   |  1- 3 |  4- 6 |  7- 9 | 10-12 | 13-15 || total
-------------------------+-------+-------+-------+-------+-------++-------
Melee: Hand axe          |    96 |     2 |       |       |       ||    98
       Touch             |     5 |    21 |    79 |   150 |    95 ||   350
       Whip              |       |   107 |   370 |   623 |   352 ||  1452
       Rapier            |       |    12 |       |       |       ||    12
       Punch             |       |       |     1 |     7 |    10 ||    18
       Flail             |       |       |       |   146 |       ||   146
       Halberd           |       |       |       |       |    63 ||    63
       Bardiche          |       |       |       |       |   172 ||   172
Invok: Berserk           |     2 |     3 |     3 |    21 |    18 ||    47
  Use: Scroll            |       |     9 |    11 |    10 |     8 ||    38
       Potion            |       |       |       |     7 |     5 ||    12
 Stab: Invisible         |       |       |       |       |     1 ||     1
Armor: Animal skin       |     5 |       |       |       |       ||     5
       Ring mail         |    19 |    44 |    17 |       |       ||    80
       Leather armour    |       |       |    47 |       |       ||    47
       Skin              |       |       |     4 |       |       ||     4
       Acid dragon scale |       |       |       |    79 |       ||    79
       Chain mail        |       |       |       |    87 |   271 ||   358
Dodge: Dodged            |    73 |    88 |   133 |   329 |   386 ||  1009

Table legend: (Time is in decaauts)
 A = Elapsed time spent in this place.
 B = Non-inter-level travel time spent in this place.
 C = Inter-level travel time spent in this place.
 D = Time resting spent in this place.
 E = Time spent auto-exploring this place.
 F = Levels seen in this place.
 G = Mean time per level.
                   A        B        C        D        E       F      G
               +--------+--------+--------+--------+--------+-----+--------+
         Total |  24510 |  23418 |   1092 |   4132 |  16570 |  18 | 1361.7 |
       Dungeon |  13563 |  12801 |    762 |   1470 |   9696 |  12 | 1130.2 |
          Lair |  10638 |  10309 |    329 |   2647 |   6702 |   5 | 2127.6 |
       Ossuary |    308 |    308 |      0 |     14 |    171 |   1 |  308.0 |
               +--------+--------+--------+--------+--------+-----+--------+

Top non-repeatable levels by time:
  Lair:5: 3565 daAuts
  Lair:1: 2833 daAuts
  Lair:3: 2103 daAuts
    D:11: 1709 daAuts
  Lair:2: 1532 daAuts
     D:2: 1386 daAuts
    D:10: 1381 daAuts
     D:9: 1317 daAuts
     D:1: 1314 daAuts
     D:8: 1308 daAuts
     D:7: 1185 daAuts
     D:6: 1097 daAuts
     D:5: 900 daAuts
     D:4: 858 daAuts
     D:3: 726 daAuts
